 Dungeon Crawl Stone Soup version 0.30.1-3-gfc49f6343a (webtiles) character file.

Game seed: 10673720419954551437

121 spardeous the Conjurer (level 4, 0/33 HPs)
             Began as a Demigod Conjurer on Aug 5, 2023.
             Slain by an orc
             ... wielding a +0 dagger
              (3 damage)
             ... on level 3 of the Dungeon.
             The game lasted 00:02:49 (3435 turns).

spardeous the Conjurer (Demigod Conjurer)           Turns: 3435, Time: 00:02:50

Health: 0/33       AC:  7    Str:  8    XL:     4   Next: 48%
Magic:  2/11       EV:  8    Int: 24    God:
Gold:   108        SH:  0    Dex: 12    Spells: 6/9 levels left

rFire   + . .        n - +3 short sword
rCold   + . .        (no shield)
rNeg    . . .        w - +0 scale mail
rPois   +            v - +0 helmet
rElec   +            (no cloak)
rCorr   +            (no gloves)
SInv    .            (no boots)
Will    .....        (no amulet) Stlth
                     (no ring)
HPRegen 0.25/turn    (no ring)
MPRegen 0.12/turn

%: no passive effects
@: confused, resistant
A: high MP 1, forlorn, divine attributes
a: no special abilities


You were on level 3 of the Dungeon.
You visited 1 branch of the dungeon, and saw 4 of its levels.

You collected 108 gold pieces.

Inventory:

Hand Weapons
 n - a +3 short sword (weapon)
Armour
 a - a +0 robe
 v - a +0 helmet (worn)
 w - a +0 scale mail (worn)
Wands
 r - a wand of mindburst (17)
 t - a wand of digging (7)
Scrolls
 c - a scroll of enchant weapon {unknown}
 d - a scroll of immolation {unknown}
 e - a scroll of teleportation {unknown}
 g - a scroll of torment {unknown}
 h - a scroll of identify {unknown}
 j - a scroll of enchant armour {unknown}
 l - a scroll of noise {unknown}
 p - a scroll of vulnerability {unknown}
 s - a scroll of magic mapping {unknown}
Potions
 b - 2 potions of magic
 f - a potion of flight {unknown}
 k - a potion of brilliance {unknown}
 m - a potion of curing {unknown}
 o - a potion of might {unknown}
 q - a potion of ambrosia {unknown}
 u - a potion of degeneration {unknown}


   Skills:
 - Level 1.7 Dodging
 - Level 1.7 Stealth
 + Level 3.2 Spellcasting
 + Level 4.7 Conjurations


You had 6 spell levels left.
You knew the following spells:

 Your Spells              Type           Power      Damage    Failure   Level
a - Magic Dart            Conj           100%       1d8       16%         1
b - Searing Ray           Conj           52%        2d6       24%         2

Your spell library contained the following spells:

 Spells                   Type           Power      Damage    Failure   Level
 Shock                    Conj/Air       60%        1d6       38%         1
 Dazzling Flash           Conj/Hex       30%        N/A       77%         3
 Inner Flame              Hex/Fire       3%         N/A       97%         3
 Swiftness                Air            3%         N/A       97%         3
 Fulminant Prism          Conj/Hex       7%         3d7       99%         4
 Iskenderun's Mystic Bla  Conj/Tloc      15%        2d5       99%         4
 Airstrike                Air            1%         2d(1-17)  100%        4
 Passage of Golubria      Tloc           3%         N/A       100%        4
 Silence                  Hex/Air        1%         N/A       100%        5
 Yara's Violent Unravell  Hex/Tmut       1%         3d3       100%        5
 Enfeeble                 Hex            1%         N/A       100%        7
 Lehudib's Crystal Spear  Conj/Erth      7%         10d3      100%        8


Dungeon Overview and Level Annotations

Branches:
Dungeon (4/15)
 Temple: D:4-7


Innate Abilities, Weirdness & Mutations

You have an increased reservoir of magic. (+10% MP)
You shall have no god before yourself.
Your divine heritage dramatically boosts your attributes as you level up.


Message History

The orc attacks as you move away! The orc hits you but does no damage.
You hit something. Something hits you but does no damage.
The orc closely misses you.
Casting: Searing Ray (dangerous; 24% risk of failure)
Confirm with . or Enter, or press ? or * to list all spells.
You don't know that spell.
You hit something but do no damage.
You hear some strange, mumbled words.
Something tries to affect you, but you resist.
The orc barely misses you.
Casting: Searing Ray (dangerous; 24% risk of failure)
Confirm with . or Enter, or press ? or * to list all spells.
Aiming: Searing Ray (dangerous; 24% risk of failure)
Press: ? - help, Shift-Dir - straight line The searing ray hits something. (Press . to maintain the ray.)
Something hits you.
* * * LOW HITPOINT WARNING * * *
The orc hits you with a +0 dagger.
* * * LOW HITPOINT WARNING * * *
You take 5 damage, and have 6/33 hp.
You now have 3/11 mp.
You hear some strange, mumbled words.
You are confused.
The orc hits you but does no damage.
You now have 2/11 mp.
Something hits you but does no damage. The orc hits you but does no damage.
You closely miss something. Something hits you.
* * * LOW HITPOINT WARNING * * *
The orc closely misses you.
You take 3 damage, and have 4/33 hp.
Unknown command.
You bump into the rock wall.
Something hits you.
* * * LOW HITPOINT WARNING * * *
The orc hits you but does no damage.
You take 2 damage, and have 2/33 hp.
You are too confused!
It was a potion of resistance.
You feel protected. Something hits you but does no damage.
The orc hits you with a +0 dagger.
You die...

#...............
#...............
#...>^..........
#...............
#...............
###.).............
#.................
#.#...............
#@#...............
#o#...............
#.............[...
#.#...............
###...............
#...............
#...............
#...............
#...............


You could see an orc.

Vanquished Creatures
  An orc priest (D:4)
  2 adders
  2 worms
  9 endoplasms
  2 giant cockroaches
  7 goblins
  7 hobgoblins
  A jackal (D:1)
  11 kobolds
  A quokka (D:2)
  7 ball pythons
  4 bats
  3 frilled lizards
  6 rats
63 creatures vanquished.

Notes
Turn   | Place    | Note
-------+----------+-------------------------------------------
     0 | D:1      | spardeous the Demigod Conjurer began the quest for the Orb.
     0 | D:1      | Reached XP level 1. HP: 14/14 MP: 5/5
   493 | D:1      | Reached XP level 2. HP: 20/20 MP: 2/7
   686 | D:1      | Learned a level 2 spell: Searing Ray
   754 | D:1      | Reached skill level 4 in Conjurations
  1360 | D:2      | Reached XP level 3. HP: 9/26 MP: 0/9
  2789 | D:3      | Reached XP level 4. HP: 33/33 MP: 7/11
  3435 | D:3      | Slain by an orc

Illustrated notes

Levels and vault maps discovered:
D:1:      dpeg_arrival_brainrot, layout_loops_ring
D:2:      layout_basic, kennysheep_generic_room_9
D:3:      layout_basic, mainiacjoe_overflow_six_doors_small,
          nemelex_diamond_rough_becter, skrybe_limestone_x,
          minmay_misc_feat_columns
D:4:      layout_basic, fedhas_altar_3, uniq_blork_the_orc, uniq_sigmund,
          uniq_pikel

Skill      XL: |  1  2  3 |
---------------+----------+-----
Spellcasting   | 2 3 |  3.2
Conjurations   | 4 |  4.7
Dodging        | |  1.7
Stealth        | |  1.7

Action                     |  1- 3 |  4- 6 || total
---------------------------+-------+-------++-------
  Melee: Unarmed           |     3 |       ||     3
         Short sword       |       |     3 ||     3
   Cast: Magic Dart        |   120 |     8 ||   128
         Searing Ray       |     2 |     4 ||     6
    Use: Potion            |       |     1 ||     1
 Armour: Robe              |     1 |       ||     1
         Scale mail        |       |    15 ||    15
  Dodge: Dodged            |    18 |     7 ||    25
